AoeStats
← danisteven1440

Arabia

509008743Analyzed
3v3 RM · 6d ago on Sep 25, 2026· 78m 11s· 6 players
Game mode
Random Map
Map size
Normal (6 player)
Population
200
Speed
Normal
Resources
Standard
Victory
Conquest
Starting age
Dark Age
Ending age
Imperial Age
RankedLock teamsTeams togetherTeam positionsShared explorationLock speedFull tech treeHidden civsTurbo modeCheats
Victory
Defeat
🇲🇽 Franks · Mexico
739
+11
🇨🇴 Celts · Colombia
732
+11
🇨🇴 Khmer · Colombia
588
+17
🇮🇩 Franks · Indonesia
644
-14
🇮🇹 Vietnamese · Italy
624
-13
🇩🇪 Bulgarians · Germany
587
-12
ildemo
0:30 Loom
13:15 Feudal Age
15:42 Wheelbarrow
14:51 Horse Collar
14:58 Double-Bit Axe
16:06 Gold Mining
16:17 Stone Mining
22:41 Castle Age
20:47 Town Watch
22:44 Crossbowman
24:19 Hand Cart
23:51 Pikeman
24:17 Arson
28:04 Heavy Plow
28:34 Bow Saw
31:17 Squires
32:17 Stone Shaft Mining
32:11 Chatras
35:26 Imperial Age
35:37 Husbandry
35:48 Bloodlines
36:07 Elite Fire Lancer
38:12 Caravan
39:43 Paper Money
39:03 Light Cavalry
39:55 Thumb Ring
41:24 Guilds
41:51 Elite Rattan Archer
43:52 Town Patrol
45:53 Two-Man Saw
45:26 Crop Rotation
47:45 Fletching
47:56 Padded Archer Armor
47:57 Scale Mail Armor
48:07 Forging
48:03 Scale Barding Armor
49:20 Chemistry
48:41 Ballistics
48:02 Treadmill Crane
48:18 Murder Holes
48:29 Siege Engineers
48:35 Masonry
59:28 Iron Casting
58:49 Bodkin Arrow
59:09 Leather Archer Armor
59:35 Halberdier
69:12 Bracer
69:43 Ring Archer Armor
69:28 Chain Mail Armor
69:34 Chain Barding Armor
68:39 Arbalester
68:41 Elite Skirmisher
68:41 Heavy Cavalry Archer
72:54 Onager
74:13 Plate Barding Armor
74:09 Plate Mail Armor
BlueGuardian
8:52 Loom
10:48 Feudal Age
11:42 Double-Bit Axe
21:43 Castle Age
20:01 Stone Mining
22:00 Wheelbarrow
21:38 Gold Mining
22:10 Forging
23:19 Bow Saw
25:37 Husbandry
25:50 Scale Barding Armor
26:24 Fletching
29:18 Gold Shaft Mining
32:38 Iron Casting
36:03 Chain Barding Armor
39:37 Imperial Age
39:55 Cavalier
42:28 Paladin
45:19 Conscription
46:00 Hand Cart
47:15 Blast Furnace
47:46 Plate Barding Armor
48:38 Scale Mail Armor
48:55 Chivalry
49:17 Siege Engineers
49:24 Elite Throwing Axeman
50:35 Ballistics
52:50 Chain Mail Armor
54:26 Chemistry
55:38 Plate Mail Armor
J-Me
13:31 Feudal Age
17:02 Wheelbarrow
16:17 Horse Collar
16:32 Gold Mining
23:59 Castle Age
23:02 Double-Bit Axe
26:47 Scale Mail Armor
26:59 Forging
28:55 Double-Bit Axe
31:09 Hand Cart
34:28 Heavy Plow
35:41 Fletching
36:57 Pikeman
39:12 Iron Casting
38:55 Chain Mail Armor
60:35 Scale Barding Armor
68:39 Husbandry
amstek
5:33 Loom
11:08 Feudal Age
12:35 Double-Bit Axe
19:01 Scale Barding Armor
26:05 Castle Age
24:46 Forging
24:38 Scale Mail Armor
27:14 Wheelbarrow
27:58 Iron Casting
27:46 Chain Barding Armor
28:32 Bow Saw
33:13 Husbandry
33:23 Light Cavalry
40:14 Hand Cart
42:20 Pikeman
50:03 Imperial Age
54:23 Gold Mining
56:12 Chemistry
56:58 Conscription
62:00 Ballistics
70:33 Blast Furnace
69:39 Padded Archer Armor
69:30 Fletching
juandasotoguerrero
8:04 Loom
10:53 Feudal Age
13:27 Double-Bit Axe
15:55 Horse Collar
16:35 Forging
15:58 Man-at-Arms
19:30 Wheelbarrow
21:54 Castle Age
19:54 Gold Mining
21:13 Scale Barding Armor
23:09 Light Cavalry
24:37 Husbandry
25:05 Gambesons
26:26 Long Swordsman
29:49 Stone Mining
31:55 Town Watch
32:52 Bow Saw
32:44 Heavy Plow
33:23 Gold Shaft Mining
35:54 Iron Casting
35:40 Chain Barding Armor
37:40 Scale Mail Armor
38:58 Hand Cart
38:45 Town Patrol
38:38 Pikeman
39:41 Chain Mail Armor
49:47 Imperial Age
49:55 Heavy Scorpion
50:49 Furor Celtica
51:03 Conscription
52:11 Siege Engineers
53:08 Chemistry
54:43 Hussar
56:28 Blast Furnace
56:22 Cavalier
57:32 Paladin
danisteven1440
22:07 Feudal Age
23:56 Gold Mining
23:48 Horse Collar
24:01 Double-Bit Axe
28:14 Castle Age
29:22 Pikeman
30:20 Light Cavalry
32:26 Husbandry
44:49 Bloodlines
44:52 Heavy Plow
50:29 Bow Saw
54:23 Scale Barding Armor
54:30 Forging
58:51 Imperial Age
57:21 Iron Casting
60:28 Imperial Age
Connection lost

Rejoining the realm…

Still unreachable

The connection could not be restored.

Session expired

The server has moved on; the page needs a fresh start.